NYSL
ROCHESTER THOROUGHBREDS @ ALBANY RIVER RATS
07/22/2098
 
TOP OF THE 1ST
Rochester Thoroughbreds batting - Pitching for Albany River Rats : RHP Javier Ramírez
Pitching: RHP Javier Ramírez
Batting: RHB Iván Torres 0-0: Ball
1-0: Ball
2-0: Ball
3-0: Base on Balls
Batting: LHB Mark Waller 0-0: Ball
1-0: DOUBLE (Line Drive, 78XD, EV 108.1 MPH)
Iván Torres to third
Batting: RHB Arturo Baldiviez 0-0: Ball
1-0: Called Strike
1-1: SINGLE (Line Drive, 7S, EV 100.0 MPH)
Iván Torres scores
Mark Waller to third
Batting: LHB Jesús Sánchez 0-0: Called Strike
0-1: Foul Ball, location: 3FF
0-2: SINGLE (Line Drive, 5D, EV 103.8 MPH)
Mark Waller scores
Arturo Baldiviez to second
Batting: RHB Armando Juárez 0-0: Ball
1-0: Ball
2-0: Foul Ball, location: 5SF
2-1: Swinging Strike
2-2: Grounds into double play, 4-6-3 (Groundball, 4, EV 81.3 MPH)
Arturo Baldiviez to third
Batting: SHB Sterling Wilson 0-0: Foul Ball, location: 7LMF
0-1: Called Strike
0-2: Strikes out swinging
Top of the 1st over - 2 runs, 3 hits, 0 errors, 1 left on base; Rochester 2 - Albany 0
BOTTOM OF THE 1ST
Albany River Rats batting - Pitching for Rochester Thoroughbreds : RHP Fernando Avalos
Pitching: RHP Fernando Avalos
Batting: LHB Butch Quarrels 0-0: Ball
1-0: Ball
2-0: Ball
3-0: Called Strike
3-1: Called Strike
3-2: Foul Ball, location: 9LMF
3-2: Foul Ball, location: 7LDF
3-2: Ground out 5-3 (Groundball, 6S, EV 66.9 MPH)
Batting: RHB Bill Crowder 0-0: Ball
1-0: DOUBLE (Line Drive, 89D, EV 110.6 MPH)
Batting: LHB Ricardo Burgos 0-0: Called Strike
0-1: Foul Ball, location: 23F
0-2: Strikes out swinging
Batting: RHB Glen Song 0-0: Ball
1-0: Fly out, F8 (Line Drive, 8LD, EV 98.8 MPH)
Bottom of the 1st over - 0 runs, 1 hit, 0 errors, 1 left on base; Rochester 2 - Albany 0
TOP OF THE 2ND
Rochester Thoroughbreds batting - Pitching for Albany River Rats : RHP Javier Ramírez
Batting: RHB Terry Hatch 0-0: Ball
1-0: Called Strike
1-1: Ball
2-1: Fly out, F6 (Popup, P, EV 77.5 MPH)
Batting: RHB Pedro Javier 0-0: Ball
1-0: Called Strike
1-1: Fly out, F9 (Flyball, 9, EV 81.9 MPH)
Batting: RHB Fernando Avalos 0-0: Ball
1-0: Swinging Strike
1-1: Foul Ball, location: 9LDF
1-2: Ball
2-2: Strikes out swinging
Top of the 2nd over - 0 runs, 0 hits, 0 errors, 0 left on base; Rochester 2 - Albany 0
BOTTOM OF THE 2ND
Albany River Rats batting - Pitching for Rochester Thoroughbreds : RHP Fernando Avalos
Batting: RHB Roberto Pacheco 0-0: Ball
1-0: SINGLE (Line Drive, 34, EV 101.3 MPH)
Batting: RHB Norberto Sosa 0-0: Called Strike
0-1: Foul Ball, location: 2F
0-2: Ball
Roberto Pacheco is caught stealing 2nd base 2-4
1-2: Ground out 6-3 (Groundball, 56, EV 100.6 MPH)
Batting: RHB Fred Bardwell 0-0: Called Strike
0-1: Ball
1-1: Swinging Strike
1-2: Ball
2-2: Strikes out swinging
Bottom of the 2nd over - 0 runs, 1 hit, 0 errors, 0 left on base; Rochester 2 - Albany 0
TOP OF THE 3RD
Rochester Thoroughbreds batting - Pitching for Albany River Rats : RHP Javier Ramírez
Batting: RHB Iván Torres 0-0: DOUBLE (Line Drive, 89D, EV 99.4 MPH)
Batting: LHB Mark Waller 0-0: Called Strike
0-1: Called Strike
0-2: Ball
1-2: Strikes out swinging
Batting: RHB Arturo Baldiviez 0-0: Called Strike
0-1: Ball
1-1: Ball
2-1: DOUBLE (Line Drive, 7LM, EV 101.3 MPH)
Iván Torres scores
Batting: LHB Jesús Sánchez 0-0: Foul Ball, location: 25F
0-1: Ball
1-1: Foul Ball, location: 2F
1-2: SINGLE (Line Drive, 6MD, EV 98.8 MPH)
Arturo Baldiviez to third
Batting: RHB Armando Juárez 0-0: Ball
1-0: Ball
2-0: Fly out, F7 (Flyball, 7, EV 94.4 MPH)
Runner from 3rd tags up, OUT at HOME! 7-2
Top of the 3rd over - 1 run, 3 hits, 0 errors, 1 left on base; Rochester 3 - Albany 0
BOTTOM OF THE 3RD
Albany River Rats batting - Pitching for Rochester Thoroughbreds : RHP Fernando Avalos
Batting: RHB Ramón Hernández 0-0: Ball
1-0: Foul Ball, location: 2F
1-1: Ball
2-1: Foul Ball, location: 3F
2-2: Ball
3-2: Foul Ball, location: 9LDF
3-2: Fly out, F7 (Flyball, 7, EV 91.9 MPH)
Batting: RHB Javier Ramírez 0-0: Called Strike
0-1: Swinging Strike
0-2: Foul Ball, location: 2F
0-2: Foul Ball, location: 5F
0-2: Strikes out swinging
Batting: LHB Butch Quarrels 0-0: Ball
1-0: Foul Ball, location: 7LSF
1-1: Ball
2-1: Swinging Strike
2-2: Strikes out swinging
Bottom of the 3rd over - 0 runs, 0 hits, 0 errors, 0 left on base; Rochester 3 - Albany 0
TOP OF THE 4TH
Rochester Thoroughbreds batting - Pitching for Albany River Rats : RHP Javier Ramírez
Batting: SHB Sterling Wilson 0-0: Called Strike
0-1: Swinging Strike
0-2: Ball
1-2: Strikes out swinging
Batting: RHB Terry Hatch 0-0: Foul Ball, location: 3F
0-1: Ball
1-1: Called Strike
1-2: Ground out 6-3 (Groundball, 6, EV 110.6 MPH)
Batting: RHB Pedro Javier 0-0: Ball
1-0: Foul Ball, location: 2F
1-1: Foul Ball, location: 5SF
1-2: Strikes out swinging
Top of the 4th over - 0 runs, 0 hits, 0 errors, 0 left on base; Rochester 3 - Albany 0
BOTTOM OF THE 4TH
Albany River Rats batting - Pitching for Rochester Thoroughbreds : RHP Fernando Avalos
Batting: RHB Bill Crowder 0-0: SINGLE (Line Drive, 4MD, EV 95.0 MPH)
Batting: LHB Ricardo Burgos 0-0: Ball
1-0: SINGLE (Line Drive, 7S, EV 109.4 MPH)
Bill Crowder to second
Batting: RHB Glen Song 0-0: Fly out, F8 (Flyball, 8RM, EV 97.5 MPH)
Batting: RHB Roberto Pacheco 0-0: Called Strike
0-1: Ball
1-1: Swinging Strike
1-2: Ball
2-2: Foul Ball, location: 5F
2-2: Ball
3-2: Fly out, F9 (Flyball, 9LS, EV 91.9 MPH)
Batting: RHB Norberto Sosa 0-0: Fielders Choice at 2nd, 6-4 (Groundball, 6, EV 97.5 MPH)
Bottom of the 4th over - 0 runs, 2 hits, 0 errors, 2 left on base; Rochester 3 - Albany 0
TOP OF THE 5TH
Rochester Thoroughbreds batting - Pitching for Albany River Rats : RHP Javier Ramírez
Batting: RHB Fernando Avalos 0-0: Called Strike
0-1: Ball
1-1: Foul Ball, location: 25F
1-2: Strikes out swinging
Batting: RHB Iván Torres 0-0: Ball
1-0: Ground out 5-3 (Groundball, 56, EV 76.3 MPH)
Batting: LHB Mark Waller 0-0: Foul Ball, location: 3SF
0-1: Called Strike
0-2: Ball
1-2: Strikes out swinging
Top of the 5th over - 0 runs, 0 hits, 0 errors, 0 left on base; Rochester 3 - Albany 0
BOTTOM OF THE 5TH
Albany River Rats batting - Pitching for Rochester Thoroughbreds : RHP Fernando Avalos
Batting: RHB Fred Bardwell 0-0: Ball
1-0: Called Strike
1-1: Called Strike
1-2: Ball
2-2: Strikes out swinging
Batting: RHB Ramón Hernández 0-0: Swinging Strike
0-1: Called Strike
0-2: SOLO HOME RUN (Flyball, 7D, EV 99.4 MPH), Distance : 395 ft
Batting: RHB Javier Ramírez 0-0: Ground out 5-3 (Groundball, 5L, EV 104.4 MPH)
Batting: LHB Butch Quarrels 0-0: Ball
1-0: Called Strike
1-1: Ball
2-1: Called Strike
2-2: Strikes out swinging
Bottom of the 5th over - 1 run, 1 hit, 0 errors, 0 left on base; Rochester 3 - Albany 1
TOP OF THE 6TH
Rochester Thoroughbreds batting - Pitching for Albany River Rats : RHP Javier Ramírez
Batting: RHB Arturo Baldiviez 0-0: Called Strike
0-1: Ball
1-1: Ground out 5-3 (Groundball, 56S, EV 73.8 MPH)
Batting: LHB Jesús Sánchez 0-0: Ball
1-0: Ball
2-0: Called Strike
2-1: Ball
3-1: Called Strike
3-2: Ground out 5-3 (Groundball, 56, EV 106.3 MPH)
Batting: RHB Armando Juárez 0-0: Ball
1-0: Ball
2-0: Called Strike
2-1: Foul Ball, location: 5F
2-2: Ground out 4-3 (Groundball, 4M, EV 88.1 MPH)
Top of the 6th over - 0 runs, 0 hits, 0 errors, 0 left on base; Rochester 3 - Albany 1
BOTTOM OF THE 6TH
Albany River Rats batting - Pitching for Rochester Thoroughbreds : RHP Fernando Avalos
Batting: RHB Bill Crowder 0-0: Called Strike
0-1: Ball
1-1: Ball
2-1: Foul Ball, location: 7LSF
2-2: Fly out, F8 (Flyball, 8RD, EV 81.9 MPH)
Batting: LHB Ricardo Burgos 0-0: SINGLE (Line Drive, 8RS, EV 110.0 MPH)
Batting: RHB Glen Song 0-0: Ball
1-0: Fly out, F9 (Flyball, 9S, EV 93.8 MPH)
Batting: RHB Roberto Pacheco 0-0: Ball
1-0: Called Strike
1-1: Ground out 4-3 (Groundball, 4, EV 80.6 MPH)
Bottom of the 6th over - 0 runs, 1 hit, 0 errors, 1 left on base; Rochester 3 - Albany 1
TOP OF THE 7TH
Rochester Thoroughbreds batting - Pitching for Albany River Rats : RHP Javier Ramírez
Batting: SHB Sterling Wilson 0-0: Called Strike
0-1: Swinging Strike
0-2: Ball
1-2: Fly out, F1 (Line Drive, P, EV 68.1 MPH)
Batting: RHB Terry Hatch 0-0: Called Strike
0-1: Foul Ball, location: 25FF
0-2: Ball
1-2: Ball
2-2: Ground out 4-3 (Groundball, 4, EV 98.1 MPH)
Batting: RHB Pedro Javier 0-0: Ball
1-0: Called Strike
1-1: Ball
2-1: Ball
3-1: Base on Balls
Batting: RHB Fernando Avalos 0-0: Called Strike
0-1: Ball
1-1: Ball
2-1: Foul Ball, location: 9LSF
2-2: Ball
3-2: Strikes out swinging
Top of the 7th over - 0 runs, 0 hits, 0 errors, 1 left on base; Rochester 3 - Albany 1
BOTTOM OF THE 7TH
Albany River Rats batting - Pitching for Rochester Thoroughbreds : RHP Fernando Avalos
Batting: RHB Norberto Sosa 0-0: Ball
1-0: Swinging Strike
1-1: Ball
2-1: SINGLE (Groundball, 34D, EV 96.3 MPH)
Pinch Hitting: LHB Carlos Sánchez 0-0: Called Strike
0-1: Called Strike
0-2: Foul Ball, location: 2F
0-2: SINGLE (Line Drive, 34D, EV 99.4 MPH)
Norberto Sosa to second
Runner from 2nd tries for 3rd, SAFE, no throw by RF
Pinch Hitting: RHB Juan Rivera 0-0: Ball
1-0: Ball
2-0: Called Strike
2-1: Foul Ball, location: 5F
2-2: Foul Ball, location: 3F
2-2: Fly out, F9 (Flyball, 9D, EV 101.3 MPH)
Runner from 3rd tags up, OUT at HOME! 9-2
Carlos Sánchez to second
Pinch Hitting: LHB Cristián García 0-0: Ball
1-0: Ball
2-0: Foul Ball, location: 25FF
2-1: SINGLE (Line Drive, 5D, EV 97.5 MPH)
Carlos Sánchez to third
Runner from 3rd tries for Home, throw by LF and OUT! 7-2
Bottom of the 7th over - 0 runs, 3 hits, 0 errors, 1 left on base; Rochester 3 - Albany 1
TOP OF THE 8TH
Rochester Thoroughbreds batting - Pitching for Albany River Rats : RHP Javier Ramírez
Pitching: RHP Héctor Garza
Now at 3B: Pedro Hernández
Now at SS: Cristián García
Batting: RHB Iván Torres 0-0: Foul Ball, location: 9LDF
0-1: Ball
1-1: Ball
2-1: Swinging Strike
2-2: Ball
3-2: Base on Balls
Batting: LHB Mark Waller 0-0: Ball
1-0: Sac Bunt to 56S - play at first, batter OUT! 1-3
Iván Torres to second
Batting: RHB Arturo Baldiviez 0-0: Ball
1-0: Called Strike
Iván Torres steals 3rd base
1-1: Ground out U3 (Groundball, 34S, EV 82.5 MPH)
Iván Torres scores
Pitching: LHP Luis Hernández
Batting: LHB Jesús Sánchez 0-0: Swinging Strike
0-1: Ball
1-1: Ball
2-1: Ground out 4-3 (Groundball, 34D, EV 81.9 MPH)
Top of the 8th over - 1 run, 0 hits, 0 errors, 0 left on base; Rochester 4 - Albany 1
BOTTOM OF THE 8TH
Albany River Rats batting - Pitching for Rochester Thoroughbreds : RHP Fernando Avalos
Batting: LHB Butch Quarrels 0-0: Ball
1-0: Ball
2-0: Ball
3-0: Called Strike
3-1: Base on Balls
Pitching: LHP Bill Tucker
Batting: RHB Bill Crowder 0-0: Ball
1-0: SINGLE (Line Drive, 89M, EV 88.8 MPH)
Butch Quarrels to second
Pinch Hitting: RHB Luis Hughes 0-0: Ball
Balk!
Butch Quarrels to third
Bill Crowder to second
1-0: Ball
2-0: Fly out, F8 (Flyball, 78M, EV 94.4 MPH)
Runner from 3rd tags up, OUT at HOME! 8-2
Bill Crowder to third
Batting: RHB Glen Song 0-0: Fly out, F8 (Flyball, 89D, EV 92.5 MPH)
Bottom of the 8th over - 0 runs, 1 hit, 0 errors, 1 left on base; Rochester 4 - Albany 1
TOP OF THE 9TH
Rochester Thoroughbreds batting - Pitching for Albany River Rats : LHP Luis Hernández
Now at 1B: Bill Crowder
Now in LF: Butch Quarrels
Now in CF: Luis Hughes
Now in RF: Norberto Sosa
Batting: RHB Armando Juárez 0-0: Called Strike
0-1: Ground out 2-3 (Groundball, 2L, EV 68.8 MPH)
Batting: SHB Sterling Wilson 0-0: Foul Ball, location: 2RF
0-1: Ball
1-1: Ball
2-1: Foul Ball, location: 2F
2-2: Hit by Pitch
Batting: RHB Terry Hatch 0-0: Called Strike
0-1: Swinging Strike
0-2: Strikes out swinging
Batting: RHB Pedro Javier 0-0: Foul Ball, location: 3SF
0-1: Ball
1-1: Ball
2-1: Ball
3-1: Foul Ball, location: 2F
3-2: Ground out 6-3 (Groundball, 6, EV 84.4 MPH)
Top of the 9th over - 0 runs, 0 hits, 0 errors, 1 left on base; Rochester 4 - Albany 1
BOTTOM OF THE 9TH
Albany River Rats batting - Pitching for Rochester Thoroughbreds : LHP Bill Tucker
Pitching: RHP Daron Baker
Now at 1B: Iván Torres
Now at 2B: Abel López
Batting: RHB Roberto Pacheco 0-0: Ball
1-0: Ball
2-0: Called Strike
2-1: Ball
3-1: Called Strike
3-2: Base on Balls
Batting: RHB Norberto Sosa 0-0: Swinging Strike
0-1: Ball
1-1: Foul Ball, location: 3FF
1-2: Strikes out looking
Pinch Hitting: RHB Dewey Alexander 0-0: Called Strike
0-1: Foul Ball, location: 2F
0-2: Ball
1-2: Strikes out swinging
Pinch Hitting: RHB Carlos Hill 0-0: Fly out, F8 (Flyball, 8LXD, EV 105.6 MPH)
Bottom of the 9th over - 0 runs, 0 hits, 0 errors, 1 left on base; Rochester 4 - Albany 1
Friday, May 31st , 2024 - OOTP Baseball 24.6 Build 69